 Dungeon Crawl Stone Soup version 0.30.1-11-g7821555f0a (webtiles) character file.

Game seed: 17337749982086606449

34 Kranky the Poker (level 3, -1/33 HPs)
             Began as a Minotaur Berserker on Nov 9, 2023.
             Was a Believer of Trog.
             Slain by Sigmund
             ... wielding a +0 scythe
              (9 damage)
             ... on level 2 of the Dungeon.
             The game lasted 00:01:02 (742 turns).

Kranky the Poker (Minotaur Berserker)                Turns: 742, Time: 00:01:03

Health: -1/33      AC:  6    Str: 23    XL:     3   Next: 14%
Magic:  2/2        EV: 10    Int:  4    God:    Trog [**....]
Gold:   54         SH:  0    Dex:  9    Spells: 2/2 levels left

rFire   . . .        a - +0 spear
rCold   . . .        (no shield)
rNeg    . . .        f - +0 scale mail
rPois   .            (helmet restricted)
rElec   .            (no cloak)
rCorr   .            (no gloves)
SInv    .            (no boots)
Will    .....        (no amulet) Stlth
                     (no ring)
HPRegen 0.25/turn    (no ring)
MPRegen 0.08/turn

%: no passive effects
@: no status effects
A: horns 2, retaliatory headbutt
a: Renounce Religion, Berserk, Trog's Hand


You were on level 2 of the Dungeon.
You worshipped Trog.
Trog was pleased with you.
You visited 1 branch of the dungeon, and saw 2 of its levels.

You collected 54 gold pieces.

Inventory:

Hand Weapons
 a - a +0 spear (weapon)
Armour
 b - a +0 animal skin
 f - a +0 scale mail (worn)
Scrolls
 d - a scroll of teleportation {unknown}
 e - a scroll of identify {unknown}
 i - a scroll of immolation {unknown}
Potions
 c - a potion of invisibility {unknown}
 g - a potion of flight {unknown}
 h - a potion of haste {unknown}


   Skills:
 + Level 4.1 Fighting
 + Level 4.1 Polearms
 + Level 3.0 Armour
 + Level 2.7 Dodging


You had 2 spell levels left.
You didn't know any spells.
Your spell library was empty.

Dungeon Overview and Level Annotations

Branches:
Dungeon (2/15)

Altars:

Shops:
D:1 :   D:2 ?

Annotations:
D:2 Sigmund


Innate Abilities, Weirdness & Mutations

You have a pair of horns on your head.
You reflexively headbutt those who attack you in melee.


Message History

Sigmund casts a spell at you.
You are confused.
Sigmund is nearby!
You are too confused!
You're too confused to aim your attacks!
Unknown command.
Sigmund hits you with a +0 scythe.
You're too confused to move!
Sigmund casts a spell at you. The magic dart hits you!
* * * LOW HITPOINT WARNING * * *
Sigmund hits you but does no damage.
You closely miss Sigmund.
Sigmund is lightly wounded.
Sigmund barely misses you.
You feel less confused.
Sigmund is suddenly surrounded by pale red light.
Sigmund barely misses you.
You hit Sigmund.
Sigmund is moderately wounded.
You barely miss Sigmund. You headbutt Sigmund.
Sigmund is heavily wounded.
Sigmund hits you with a +0 scythe.
* * * LOW HITPOINT WARNING * * *
You hit Sigmund but do no damage.
Sigmund is heavily wounded.
Sigmund hits you but does no damage.
You barely miss Sigmund. You headbutt Sigmund!
Sigmund is severely wounded.
You hit Sigmund. Your headbutt misses Sigmund.
Sigmund is severely wounded.
Sigmund says, "Your kind have come here before.
I understand now why.
You desire death..."
Sigmund hits you with a +0 scythe.
* * * LOW HITPOINT WARNING * * *
You hit Sigmund but do no damage.
Sigmund is severely wounded.
You hit Sigmund.
Sigmund is almost dead.
Sigmund hits you with a +0 scythe!
You die...

......†....
#######.... #####....
#>. ...###... #.#
#..# #.##
#######.#####..###.##
#.....#.##...........
#....@#.....#..###.##
#...@.#..#..#..#.....
#.....#..#..#.##.#...
#..................#.
#.........###........
#.........# ####.#...
##........# #.###.
#........# #.# .
#........# #.# .
########.. #.#


You could see Sigmund.

Vanquished Creatures
  An adder (D:2)
  3 endoplasms (D:1)
  2 giant cockroaches (D:1)
  3 goblins (D:1)
  2 hobgoblins (D:1)
  A kobold (D:1)
  A quokka (D:1)
  3 bats
  4 frilled lizards
  4 rats (D:1)
24 creatures vanquished.

Notes
Turn   | Place    | Note
-------+----------+-------------------------------------------
     0 | D:1      | Kranky the Minotaur Berserker began the quest for the Orb.
     0 | D:1      | Reached XP level 1. HP: 19/19 MP: 0/0
   148 | D:1      | Reached XP level 2. HP: 23/27 MP: 1/1
   260 | D:1      | Found Eray's Vocational Training.
   274 | D:1      | Reached ** piety under Trog
   436 | D:1      | Found a faded altar of an unknown god.
   664 | D:2      | Found Qocsuet's Magic Scroll Shoppe.
   704 | D:2      | Reached XP level 3. HP: 33/33 MP: 2/2
   721 | D:2      | Noticed Sigmund
   742 | D:2      | Slain by Sigmund

Illustrated notes

Levels and vault maps discovered:
D:1:      wander_arrival_fairy_ring, layout_rooms,
          dreamdust_ecumenical_altar_hidden_monk_grotto, nicolae_shop_vocational
D:2:      layout_basic, serial_shops, nicolae_square_shop, uniq_terence,
          uniq_sigmund

Skill      XL: |  1  2 |
---------------+-------+-----
Fighting       | 4 |  4.1
Polearms       | 4 |  4.1
Armour         | 3 |  3.0
Dodging        | |  2.7

Action                     || total
---------------------------++-------
  Melee: Spear             ||    69
         Headbutt          ||     3
 Armour: Animal skin       ||    10
         Scale mail        ||     3
  Dodge: Dodged            ||    22
